 Dungeon Crawl Stone Soup version 0.23.2-1-ga50397a (webtiles) character file.

Game seed: 9496531480935065516

44 funkygono the Digger (level 3, 0/19 HPs)
             Began as a Gargoyle Earth Elementalist on May 8, 2019.
             Slain by a hobgoblin
             ... wielding a +0 club
              (3 damage)
             ... on level 1 of the Dungeon.
             The game lasted 00:03:18 (1423 turns).

funkygono the Digger (Gargoyle Earth Elementalist)  Turns: 1423, Time: 00:03:19

Health: 0/19       AC:  6    Str: 11    XL:     3   Next: 60%
Magic:  4/7        EV: 12    Int: 20    God:
Gold:   75         SH:  0    Dex: 10    Spells: 3/7 levels left

rFire    . . .     SeeInvis .   e - +0 club
rCold    . . .     Gourm    .   (no shield)
rNeg     + . .     Faith    .   c - +1 robe
rPois    ∞         Spirit   .   (no helmet)
rElec    +         Reflect  .   (no cloak)
rCorr    .         Harm     .   (no gloves)
MR       .....                  (no boots)
Stlth    ++........             (no amulet)
HPRegen  0.06/turn              i - +4 ring of intelligence
MPRegen  0.10/turn              (no ring)

@: very slightly contaminated
A: negative energy resistance 1, electricity resistance, unbreathing,
petrification resistance, rot immunity, AC +3
a: no special abilities


You were on level 1 of the Dungeon.
You were hungry.

You visited 1 branch of the dungeon, and saw 2 of its levels.

You collected 75 gold pieces.

Inventory:

Hand Weapons
 e - a +0 club (weapon)
Missiles
 b - 52 stones (quivered)
Armour
 c - a +1 robe (worn)
Jewellery
 i - a +4 ring of intelligence (left hand)
Scrolls
 h - 3 scrolls of identify
Potions
 g - a potion of magic
 j - a potion of flight
 l - a potion of agility
 m - 3 potions of heal wounds
Comestibles
 a - 4 chunks of flesh
 d - 6 rations


   Skills:
 + Level 0.1 Maces & Flails
 + Level 1.7 Dodging
 + Level 2.3 Stealth
 + Level 2.7 Spellcasting
   Level 0.7 Transmutations
 + Level 4.5 Earth Magic


You had 3 spell levels left.
You knew the following spells:

 Your Spells              Type           Power        Failure   Level  Hunger
a - Sandblast             Erth           ###...       2%          1    None
b - Stone Arrow           Conj/Erth      ##....       17%         3    ###....

Your spell library contained the following spells:

 Spells                   Type           Power        Failure   Level  Hunger
 Passwall                 Tmut/Erth      ##......     8%          2    ##.....
 Petrify                  Tmut/Erth      ##......     45%         4    ####...
 Lee's Rapid Deconstruct  Erth           ###.......   54%         5    ######.


Dungeon Overview and Level Annotations

Branches:
Dungeon (2/15)

Altars:

Annotations:
D:2 Sigmund


Innate Abilities, Weirdness & Mutations

You are resistant to torment.
Your stone body is resilient. (AC +3)
You are immune to poison.
You resist negative energy. (rN+)
You are resistant to electric shocks. (rElec)
You can survive without breathing.
You are immune to petrification.
You are immune to rotting.


Message History

Something tries to affect you, but you resist.
Found 18 bolts.
Found an escape hatch in the ceiling.
You see here a quokka corpse.
An adder skeleton comes into view.
The adder skeleton closely misses you.
You see here 18 bolts.
Something hits you.
* * * LOW HITPOINT WARNING * * *
Found a stone staircase leading up.
The hobgoblin shouts!
You see here 15 gold pieces.
There is an escape hatch in the ceiling here.
The adder skeleton barely misses you. The rat barely misses you.
The hobgoblin closely misses you.
The adder skeleton bites you but does no damage.
A mysterious force pulls you upwards. The hatch slams shut behind you.
Reactivating autopickup.
Unknown command.
The hobgoblin hits you with a +0 club.
You die...

########### #.........#
#.#######.# #.# #.#
#.#######.# #.#....##.#
#.#.##.##.# #.#.#..r#.#
#.#...g@#.# ####
#.#.....#.######### ...#
#.#...............#
##.#######.#.....#.#######.#
...........#.....#.# #.#
.#.#.............#.# #.#
.#.#.######......#.# #.#
##.#.# #.#.####.# #.# ##.#.#
#.#......# #.#


You could see a hobgoblin and a rat.

Vanquished Creatures
  An ooze (D:1)
  A worm (D:2)
  A giant cockroach (D:1)
  2 goblins (D:1)
  5 hobgoblins
  5 jackals
  A quokka (D:2)
  5 bats
  3 frilled lizards
  5 kobolds (D:1)
  5 rats
34 creatures vanquished.

Notes
Turn   | Place    | Note
-------+----------+-------------------------------------------
     0 | D:1      | funkygono the Gargoyle Earth Elementalist began the quest
                  | for the Orb.
     0 | D:1      | Reached XP level 1. HP: 10/10 MP: 3/3
     2 | D:1      | Noticed a ghoul
     2 | D:1      | Noticed a centaur
     4 | D:1      | Noticed a demonspawn
     4 | D:1      | Noticed a dwarf
     6 | D:1      | Noticed a human
     6 | D:1      | Noticed an elf
     8 | D:1      | Noticed a troll
     8 | D:1      | Noticed a spriggan
    10 | D:1      | Noticed a formicid
    10 | D:1      | Noticed a felid
    12 | D:1      | Noticed a halfling
    12 | D:1      | Noticed a minotaur
    14 | D:1      | Noticed a vampire
    16 | D:1      | Noticed a draconian
    18 | D:1      | Noticed a demigod
    18 | D:1      | Noticed a naga
    20 | D:1      | Noticed a tengu
    20 | D:1      | Noticed a gargoyle
    22 | D:1      | Noticed a merfolk
    24 | D:1      | Noticed an octopode
    26 | D:1      | Noticed an ogre
    26 | D:1      | Noticed a vine stalker
   145 | D:1      | Reached skill level 4 in Earth Magic
   145 | D:1      | Reached XP level 2. HP: 10/15 MP: 1/5
   624 | D:1      | Reached XP level 3. HP: 19/19 MP: 3/6
  1037 | D:2      | Learned a level 3 spell: Stone Arrow
  1400 | D:2      | Noticed Sigmund
  1423 | D:1      | Slain by a hobgoblin

Skill      XL: |  1 |
---------------+----+-----
Earth Magic    | 4 |  4.5
Maces & Flails | |  0.1
Dodging        | |  1.7
Stealth        | |  2.3
Spellcasting   | |  2.7
Transmutations | |  0.7

Action                   || total
-------------------------++-------
Melee: Club              ||     6
 Cast: Sandblast         ||    31
       Stone Arrow       ||     7
  Use: Scroll            ||     7
 Stab: Sleeping          ||     2
  Eat: Chunk             ||     2
Armor: Robe              ||     5
Dodge: Dodged            ||    14
